 Dungeon Sprint DCSS version 0.30-a0-719-gcc4359ea44 (webtiles) character file.

Game seed: 689110187026849127

523348 BigDaddyOpFi the End of an Era (level 24, -5/227 HPs)
             Began as a Demonspawn Fighter on Jan 26, 2023.
             Was the Champion of Qazlal.
             Killed by divine providence
             ... invoked by a daeva
             ... summoned by a seraph
              (6 damage)
             ... in the Dungeon (Sprint VII: "The Pits").
             The game lasted 00:41:51 (19095 turns).

BigDaddyOpFi the End of an Era (DsFi)              Turns: 19095, Time: 00:41:51

Health: -5/227     AC: 71    Str: 26    XL:     24   Next: 18%
Magic:  0/48       EV: 22    Int: 13    God:    Qazlal [******]
Gold:   178        SH: 13    Dex: 22    Spells: 51/77 levels left

rFire   + . .      SeeInvis +    p - +10 dark maul {heavy}
rCold   . . .      Faith    .    (shield currently unavailable)
rNeg    . . .      Spirit   +    o - +8 orange crystal plate armour {Archmagi, Int+3 Clar}
rPois   +          Reflect  +    (helmet unavailable)
rElec   .          Harm     .    G - +4 cloak
rCorr   .          Rampage  .    P - +2 pair of gloves "Yhecurerie" {rF++ Regen+ Int-2 Dex+3}
Will    ++...      Archmagi +    E - +2 pair of boots {Stlth+}
Stlth   +          Clarity  +    I - amulet "Ekiempy" {Reflect rF- Will+ Int+5 SH+5}
HPRegen 1.37/turn  NoTele   +    K - ring "Quycsis" {AC+6 Dex+5 Slay+5 SInv}
MPRegen 0.62/turn                M - ring of the Bequeathed Mango {rPois AC+6 SInv}

@: protected from physical damage, glowing, repel missiles, unable to read,
unable to drink
A: horns 3, ignite blood 2, augmentation 1, magic shield, magic regeneration,
magic link, sharp scales 3, clarity, dopey 2, low MP 1, screaming 1, subdued
magic 1, inability to drink after injury 1, inability to read after injury 2
0: Orb of Zot
}: 3/3 runes: silver, golden, iron
a: Renounce Religion, Upheaval, Elemental Force, Disaster Area


You were in the Dungeon.
You worshipped Qazlal.
Qazlal was exalted by your worship.
You visited 1 branch You collected 178 gold pieces.

Inventory:

Hand Weapons
 p - the +10 dark maul (weapon) {heavy}
   (You took it off a gnoll sergeant in the Dungeon)
 s - the +3 greatsling "Punk" {acid, rCorr}
   (You found it in the Dungeon)

   rCorr:     It protects you from acid and corrosion.
Missiles
 a - 3 throwing nets (quivered)
Armour
 m - the -2 hat of the Alchemist {rElec rPois rF+ rC+ rN+ Will+ rMut rCorr}
   (You found it in the Dungeon)

   rF:        It protects you from fire.
   rC:        It protects you from cold.
   rElec:     It insulates you from electricity.
   rPois:     It protects you from poison.
   rN:        It protects you from negative energy.
   rCorr:     It protects you from acid and corrosion.
   rMut:      It protects you from mutation.
   Will:      It increases your willpower.
 o - the +8 orange crystal plate armour (worn) {Archmagi, Int+3 Clar}
   (You found it in the Dungeon)

   Int:       It affects your intelligence (+3).
   Clar:      It protects you against confusion.
 D - +14 gold dragon scales
 E - a +2 pair of boots of stealth (worn)
 G - a +4 cloak (worn)
 J - an orb of light
 O - the +3 pair of gloves of Tentacled Leaves {rN+}
   (You found it in the Dungeon)

   rN:        It protects you from negative energy.
 P - the +2 pair of gloves "Yhecurerie" (worn) {rF++ Regen+ Int-2 Dex+3}
   (You found it in the Dungeon)

   Int:       It affects your intelligence (-2).
   Dex:       It affects your dexterity (+3).
   rF:        It greatly protects you from fire.
   Regen:     It increases your rate of health regeneration.
Jewellery
 q - a ring of wizardry
 x - an amulet of the acrobat
 y - a ring of fire
 I - the amulet "Ekiempy" (around neck) {Reflect rF- Will+ Int+5 SH+5}
   (You found it in the Dungeon)

   [amulet of reflection]

   It reflects blocked missile attacks.
   Int:       It affects your intelligence (+5).
   rF:        It makes you vulnerable to fire.
   SH:        It affects your SH (+5).
   Will:      It increases your willpower.
 K - the ring "Quycsis" (left hand) {AC+6 Dex+5 Slay+5 SInv}
   (You found it in the Dungeon)

   [ring of protection]

   AC:        It affects your AC (+6).
   Dex:       It affects your dexterity (+5).
   Slay:      It affects your accuracy & damage with ranged weapons and melee
   (+5).
   SInv:      It lets you see invisible.
 L - a +6 ring of intelligence
 M - the ring of the Bequeathed Mango (right hand) {rPois AC+6 SInv}
   (You found it in the Dungeon)

   [ring of protection]

   AC:        It affects your AC (+6).
   rPois:     It protects you from poison.
   SInv:      It lets you see invisible.
 N - a +6 ring of dexterity
 R - a ring of protection from fire
 T - the ring of the Castellan {+Blink rF+ rN+}
   (You found it in the Dungeon)

   [ring of positive energy]

   rF:        It protects you from fire.
   rN:        It protects you from negative energy.
   +Blink:    It lets you blink.
 U - the amulet "Igurch" {Regen+ Dex+3}
   (You found it in the Dungeon)

   [amulet of regeneration]

   Dex:       It affects your dexterity (+3).
   Regen:     It increases your rate of health regeneration.
 V - the ring of the Ban {Will++ Slay+4}
   (You found it in the Dungeon)

   [ring of slaying]

   Slay:      It affects your accuracy & damage with ranged weapons and melee
   (+4).
   Will:      It greatly increases your willpower.
 W - the ring "Saemaot" {rN++ SInv}
   (You found it in the Dungeon)

   [ring of see invisible]

   rN:        It greatly protects you from negative energy.
   SInv:      It lets you see invisible.
 X - the ring of Codiezow {Fire Str+8 Int-4}
   (You found it in the Dungeon)

   [ring of fire]

   It enhances your fire magic.
   Str:       It affects your strength (+8).
   Int:       It affects your intelligence (-4).
   rF:        It protects you from fire.
   rC:        It makes you vulnerable to cold.
 Y - the ring "Wideqi" {Int+3 Slay+4}
   (You found it in the Dungeon)

   [ring of slaying]

   Int:       It affects your intelligence (+3).
   Slay:      It affects your accuracy & damage with ranged weapons and melee
   (+4).
 Z - the ring "Vekidwyasu" {rC+ rCorr Int-3 SInv Stlth+}
   (You found it in the Dungeon)

   [ring of resist corrosion]

   Int:       It affects your intelligence (-3).
   rC:        It protects you from cold.
   SInv:      It lets you see invisible.
   rCorr:     It protects you from acid and corrosion.
   Stlth:     It makes you more stealthy.
Wands
 C - a wand of flame (7)
 F - a wand of digging (4)
Scrolls
 j - 5 scrolls of blinking
 n - 3 scrolls of enchant weapon
 r - 7 scrolls of amnesia
 t - 6 scrolls of fear
 u - 10 scrolls of identify
 w - 4 scrolls of fog
 A - a scroll of brand weapon
 S - a scroll of enchant armour
Potions
 b - 5 potions of attraction
 d - 8 potions of might
 e - 16 potions of curing
 f - 10 potions of heal wounds
 g - 12 potions of haste
 h - 8 potions of magic
 i - 11 potions of berserk rage
 k - 2 potions of invisibility
 l - 6 potions of mutation
 v - 2 potions of resistance
 z - 4 potions of brilliance
 H - a potion of flight
 Q - a potion of cancellation
Miscellaneous
 c - a piece from Xom's chessboard (15/15)
 B - a tin of tremorstones (1/2)


   Skills:
 O Level 27 Fighting
 - Level 15.3(22.8) Axes
 O Level 27 Maces & Flails
 O Level 27 Ranged Weapons
 O Level 27 Armour
 O Level 27 Dodging
 O Level 27 Stealth
 O Level 27 Shields
 O Level 27 Spellcasting
 O Level 27 Conjurations
 O Level 27 Hexes
 * Level 17.0 Necromancy
 O Level 27 Fire Magic
 + Level 23.0 Air Magic
 O Level 27 Invocations
 O Level 27 Evocations


You had 51 spell levels left.
You knew the following spells:

 Your Spells              Type           Power      Damage    Failure   Level
a - Ignition              Fire           39%        3d12      1%          8
b - Fireball              Conj/Fire      39%        3d16      0%          5
c - Orb of Destruction    Conj           39%        9d11      1%          7
d - Conjure Ball Lightni  Conj/Air       38%        3x3d12    1%          6

Your spell library contained the following spells:

 Spells                   Type           Power      Damage    Failure   Level
 Kiss of Death            Conj/Necr      100%       2d13      0%          1
 Magic Dart               Conj           100%       1d8       0%          1
 Necrotise                Necr           100%       1d9       0%          1
 Scorch                   Fire           100%       2d10      0%          2
 Searing Ray              Conj           100%       2d8       0%          2
 Static Discharge         Conj/Air       100%       2-7/arc   0%          2
 Sublimation of Blood     Necr           63%        N/A       0%          2
 Confusing Touch          Hex            79%        N/A       0%          3
 Dazzling Flash           Conj/Hex       100%       N/A       0%          3
 Inner Flame              Hex/Fire       79%        N/A       0%          3
 Swiftness                Air            73%        N/A       0%          3
 Tukima's Dance           Hex            79%        N/A       0%          3
 Anguish                  Hex/Necr       36%        N/A       0%          4
 Cause Fear               Hex            39%        N/A       0%          4
 Flame Wave               Conj/Fire      79%        2d17      0%          4
 Sticky Flame             Conj/Fire      79%        2d9       0%          4
 Iskenderun's Battlesphe  Conj           79%        2d13      0%          5
 Silence                  Hex/Air        38%        N/A       0%          5
 Cigotuvi's Dreadful Rot  Necr/Pois/Air  100%       N/A       1%          2
 Ensorcelled Hibernation  Hex/Ice        100%       N/A       1%          2
 Poisonous Vapours        Pois/Air       100%       N/A       1%          2
 Mephitic Cloud           Conj/Pois/Air  63%        N/A       1%          3
 Portal Projectile        Hex/Tloc       100%       N/A       1%          3
 Summon Guardian Golem    Hex/Summ       57%        N/A       1%          3
 Animate Dead             Necr           63%        N/A       1%          4
 Dispel Undead            Necr           63%        3d22      1%          4
 Agony                    Necr           63%        N/A       1%          5
 Irradiate                Conj/Tmut      28%        3d21      1%          5
 Yara's Violent Unravell  Hex/Tmut       28%        3d12      1%          5
 Discord                  Hex            39%        N/A       1%          8
 Apportation              Tloc           40%        N/A       11%         1
 Summon Small Mammal      Summ           80%        N/A       11%         1
 Call Imp                 Summ           20%        N/A       16%         2
 Lesser Beckoning         Tloc           40%        N/A       16%         2
 Passwall                 Tmut/Erth      16%        N/A       16%         2
 Fire Storm               Conj/Fire      39%        8d10      17%         9
 Call Canine Familiar     Summ           20%        N/A       32%         3
 Gell's Gravitas          Tloc           20%        N/A       32%         3
 Ozocubu's Armour         Ice            20%        N/A       32%         3
 Spider Form              Tmut/Pois      20%        N/A       32%         3
 Teleport Other           Tloc           20%        N/A       32%         3
 Chain Lightning          Conj/Air       38%        3d50      36%         9
 Infestation              Necr           31%        N/A       56%         8
 Animate Armour           Summ/Erth      40%        N/A       73%         4
 Manifold Assault         Tloc           20%        N/A       73%         4
 Olgreb's Toxic Radiance  Pois           20%        N/A       73%         4
 Passage of Golubria      Tloc           20%        N/A       73%         4
 Petrify                  Tmut/Erth      20%        N/A       73%         4
 Haunt                    Necr/Summ      22%        N/A       96%         7
 Alistair's Intoxication  Tmut/Pois      13%        N/A       97%         5
 Dispersal                Tloc           10%        N/A       100%        6
 Eringya's Noxious Bog    Tmut/Pois      10%        N/A       100%        6
 Summon Cactus Giant      Summ           10%        N/A       100%        6
 Malign Gateway           Summ/Tloc      10%        N/A       100%        7
 Ozocubu's Refrigeration  Ice            10%        4d9       100%        7
 Summon Hydra             Summ           10%        N/A       100%        7
 Disjunction              Tloc           10%        N/A       100%        8
 Summon Horrible Things   Summ           10%        N/A       100%        8
 Shatter                  Erth           10%        3d11*     100%        9


Dungeon Overview and Level Annotations

Branches:
Dungeon (1/1)

Altars:
Ashenzari
Cheibriados
Dithmenos
Fedhas
Gozag
Hepliaklqana
Kikubaaqudgha
Makhleb
Nemelex Xobeh
Okawaru
Qazlal
Ru
Sif Muna
Trog
Uskayaw
Vehumet
Wu Jian
Xom
Yredelemnul
Jiyva
Lugonu


Innate Abilities, Weirdness & Mutations

You have a pair of large horns on your head.
Your demonic aura often causes spilled blood to erupt in flames.
Your magical and physical power is slightly enhanced at high health.
When hurt, damage is shared between your health and your magic reserves.
You regenerate magic rapidly.
When low on magic, you restore magic in place of health.
You are completely covered in razor-sharp scales. (AC +3, Slay +3)
You possess an exceptional clarity of mind.
You are very dopey. (Int -4)
Your magical capacity is low. (-10% MP)
You occasionally shout uncontrollably at your foes.
Your spells are a little easier to cast, but a little less powerful.
You occasionally lose the ability to drink potions when taking damage.
You sometimes lose the ability to read scrolls when taking damage.


Message History

The burst of rock shards engulfs the daeva but does no damage.
The burst of rock shards engulfs the demonspawn corrupter.
The burst of rock shards engulfs you but does no damage.
The burst of rock shards engulfs the demonspawn corrupter but does no damage.
The burst of rock shards engulfs the Tzitzimitl.
The burst of rock shards engulfs the daeva!
The burst of rock shards engulfs the angel!
The burst of rock shards engulfs the seraph but does no damage.
The burst of rock shards engulfs the daeva!
The burst of rock shards engulfs the Tzitzimitl.
The burst of rock shards engulfs the demonspawn corrupter!
The burst of rock shards engulfs the angel!
The burst of rock shards engulfs the seraph but does no damage.
The burst of rock shards engulfs the demonspawn corrupter.
The burst of rock shards engulfs the Tzitzimitl!
The burst of rock shards engulfs the daeva!
The burst of rock shards engulfs the angel!
You kill the angel!
Qazlal accepts your kill.
The burst of rock shards engulfs the seraph but does no damage.
The seraph gestures.
The daeva calls down the wrath of the Shining One upon you.
The Shining One smites you!
* * * LOW HITPOINT WARNING * * *
Your Necromancy skill increases to level 17!
Your Air Magic skill increases to level 23!
Unknown command.
You cannot read scrolls in your current state!
You cannot drink potions in your current state!
You crush the Tzitzimitl like a grape!!!!!
You kill the Tzitzimitl!
Qazlal accepts your kill.
You hear a roar!
The cherub dissolves into sparkling lights!
A smoke demon comes into view.
The seraph gestures.
The seraph begins to accept its allies' injuries.
The daeva calls down the wrath of the Shining One upon you.
The Shining One smites you!
You die...

#############..######
#############........
#________..##........
#_________.##########
#_______...##########
##########'##........
#.?(.')))).##......#.
##########A##.....)..
#§§)@)6AA3.A))[..)...
#'#####3#####.)†)..#.
#)#...#)#.[##.)).))..
#.#...#.#))#####[####
#.#...'.#))##..).)..#
#.##'####))##...)...#
#.#.....#..##.......#
#)#.....#'###.).<...#
#.#........##.......#


You could see a seraph, 3 daevas, a demonspawn corrupter (sheltered), a sun
demon (sheltered) and a smoke demon (sheltered).

Vanquished Creatures
  Asmodeus (D)
  the Royal Jelly (D)
  Dissolution (D)
  the Serpent of Hell (D)
  3 seraphim (D)
  Lom Lobon (D)
  Tiamat (D)
  3 ancient liches (D)
  An orb of fire (D)
  Dispater (D)
  Mara (D)
  Mennas (D)
  25 pandemonium lords (D)
  3 royal mummies (D)
  Boris (thrice) (D)
  Frederick (D)
  the Lernaean hydra (D)
  Margery (D)
  Xtahua (D)
  A curse toe (D)
  8 golden dragons (D)
  3 profane servitors (D)
  2 bone dragons (D)
  Jory (D)
  6 Tzitzimimeh (D)
  5 pearl dragons (D)
  5 hellephants (D)
  4 electric golems (D)
  14 Brimstone Fiends (D)
  10 Hell Sentinels (D)
  10 Ice Fiends (D)
  6 liches (D)
  58 Orb Guardians (D)
  6 titans (D)
  8 quicksilver dragons (D)
  3 deep elf blademasters (D)
  8 Executioners (D)
  2 deep elf master archers (D)
  6 acid blobs (D)
  4 sphinxes (D)
  2 death cobs (D)
  9 shadow dragons (D)
  2 storm dragons (D)
  5 rockslimes (D)
  2 nagarajas (D)
  2 daevas (D)
  9 azure jellies (D)
  A fire giant (D)
  2 draconian knights (D)
  3 demonspawn warmongers (D)
  6 iron dragons (D)
  2 frost giants (D)
  4 deep elf sorcerers (D)
  2 draconian scorchers (D)
  A ghost moth (D)
  12 balrugs (D)
  3 draconian shifters (D)
  Louise (D)
  2 draconian annihilators (D)
  8 angels (D)
  5 orc warlords (D)
  5 cacodemons (D)
  3 demonspawn corrupters (D)
  2 draconian stormcallers (D)
  11 reapers (D)
  2 demonspawn blood saints (D)
  A quicksilver ooze (shapeshifter) (D)
  4 ophanim (D)
  5 ghouls (D)
  6 stone giants (D)
  A green draconian (D)
  5 quicksilver oozes (D)
  3 black draconians (D)
  A deep elf demonologist (D)
  Azrael (D)
  3 apis (D)
  4 dire elephants (D)
  4 deep elf annihilators (D)
  13 lorocyprocas (D)
  A minotaur (D)
  2 purple draconians (D)
  4 yellow draconians (D)
  3 eidola (D)
  12 blizzard demons (D)
  A mummy priest (D)
  An ettin (D)
  A deep elf death mage (D)
  A merfolk impaler (D)
  22 fire dragons (D)
  2 rakshasas (D)
  5 green deaths (D)
  A deep elf high priest (D)
  3 great orbs of eyes (D)
  3 yaktaur captains (D)
  2 spriggan air magi (D)
  Erolcha (D)
  26 hydras (D)
  3 alligator snapping turtles (D)
  9 hell beasts (D)
  18 ice dragons (D)
  2 catoblepae (D)
  2 death knights (D)
  An alligator (D)
  A death yak (D)
  An iron elemental (D)
  A two-headed ogre (D)
  A deep troll shaman (D)
  An orc high priest (D)
  2 vampire magi (D)
  A deep troll earth mage (D)
  3 naga warriors (D)
  14 hell hogs (D)
  2 dancing weapons (D)
  18 hell knights (D)
  2 spriggan berserkers (D)
  9 soul eaters (D)
  7 deep elf knights (D)
  2 iron trolls (D)
  12 sixfirhies (D)
  44 sun demons (D)
  A fire crab (D)
  4 deep trolls (D)
  A sea snake (D)
  4 cherubim (D)
  2 glowing orange brains (D)
  2 deep elf archers (D)
  4 lindwurms (D)
  4 necromancers (D)
  8 shadow demons (D)
  11 large abominations (D)
  19 swamp dragons (D)
  10 orc knights (D)
  3 deep elf pyromancers (D)
  A phantasmal warrior (D)
  2 deep elf zephyrmancers (D)
  A wolf spider (D)
  2 orc sorcerers (D)
  2 manticores (D)
  2 moths of wrath (D)
  An ugly thing (D)
  Joseph (D)
  2 demonic crawlers (D)
  A black mamba (D)
  3 toenail golems (D)
  11 rust devils (D)
  9 orange demons (D)
  7 smoke demons (D)
  A gargoyle (D)
  2 cane toads (D)
  5 rime drakes (D)
  5 tormentors (D)
  2 efreet (D)
  8 hellions (D)
  6 yaktaurs (D)
  2 kobold demonologists (D)
  4 komodo dragons (D)
  8 ice devils (D)
  6 red devils (D)
  A troll (D)
  A polar bear (D)
  9 hellwings (D)
  A hornet (D)
  3 merfolk (D)
  4 blink frogs (D)
  2 tarantellas (D)
  7 dream sheep (D)
  A spriggan (D)
  A snapping turtle (D)
  A vampire (D)
  6 wyverns (D)
  3 ynoxinuls (D)
  A flying skull (D)
  A water elemental (D)
  A wraith (D)
  7 yaks (D)
  3 fire elementals (D)
  6 neqoxecs (D)
  17 golden eyes (D)
  3 vampire mosquitoes (D)
  6 basilisks (D)
  4 steam dragons (D)
  4 wargs (D)
  6 chaos spawn (D)
  2 water moccasins (D)
  3 acid dragons (D)
  5 floating eyes (D)
  2 wandering mushrooms (D)
  14 hell hounds (D)
  10 orc warriors (D)
  A small abomination (D)
  A black bear (D)
  6 swamp drakes (D)
  3 ogres (D)
  6 wolves (D)
  Blork the orc (D)
  5 kobold brigands (D)
  2 bullfrogs (D)
  2 necrophages (D)
  An earth elemental (D)
  2 gnoll sergeants (D)
  3 killer bees (D)
  An orc priest (D)
  A hound (D)
  An iguana (D)
  3 orc wizards (D)
  A hell rat (D)
  4 gnolls (D)
  2 adders (D)
  An adder zombie (D)
  An adder simulacrum (D)
  18 orcs (D)
  2 bats (D)
  2 endoplasms (D)
  2 goblins (D)
  A hobgoblin (D)
  3 jackals (D)
  2 ball python simulacra (D)
  A giant cockroach zombie (D)
  A kobold (D)
  3 quokka skeletons (D)
  A quokka zombie (D)
  3 ball lightnings (D)
1014 creatures vanquished.

Vanquished Creatures (others)
  A demonspawn black sun (D)
  A ynoxinul (D)
  12 ball lightnings (D)
14 creatures vanquished.

Grand Total: 1028 creatures vanquished

Notes
Turn   | Place    | Note
-------+----------+-------------------------------------------
     0 | D        | BigDaddyOpFi the Demonspawn Fighter began the quest for the
                  | Orb.
     0 | D        | Reached XP level 1. HP: 18/18 MP: 1/1
    21 | D        | Found a bloodstained altar of Trog.
    21 | D        | Found a shimmering blue altar of Sif Muna.
    21 | D        | Found a viscous altar of Jiyva.
    21 | D        | Found a hazy altar of Hepliaklqana.
    21 | D        | Found an opulent altar of Gozag.
    22 | D        | Found a basalt altar of Yredelemnul.
    22 | D        | Found a shimmering altar of Xom.
    22 | D        | Found an ornate altar of the Wu Jian Council.
    22 | D        | Found a sacrificial altar of Ru.
    22 | D        | Found a stormy altar of Qazlal.
    22 | D        | Found an iron altar of Okawaru.
    22 | D        | Found a sparkling altar of Nemelex Xobeh.
    22 | D        | Found a burning altar of Makhleb.
    22 | D        | Found a blossoming altar of Fedhas.
    22 | D        | Found a shadowy altar of Dithmenos.
    22 | D        | Found a snail-covered altar of Cheibriados.
    23 | D        | Found a radiant altar of Vehumet.
    23 | D        | Found a corrupted altar of Lugonu.
    24 | D        | Found a hide-covered altar of Uskayaw.
    24 | D        | Found an ancient bone altar of Kikubaaqudgha.
    24 | D        | Found a broken altar of Ashenzari.
    27 | D        | Became a worshipper of Qazlal Stormbringer
    50 | D        | Noticed a floating eye
    53 | D        | Paralysed by a floating eye for 2 turns
    58 | D        | Killed a floating eye
    59 | D        | Gained mutation: Your demonic aura sometimes causes spilled
                  | blood to erupt in flames. [demonic ancestry]
    59 | D        | Reached XP level 2. HP: 26/26 MP: 1/6
    59 | D        | Gained mutation: You have a pair of small horns on your
                  | head. [demonic ancestry]
    59 | D        | Reached XP level 3. HP: 31/31 MP: 1/7
    59 | D        | Gained mutation: You are partially covered in razor-sharp
                  | scales. (AC +1, Slay +1) [demonic ancestry]
    59 | D        | Reached XP level 4. HP: 38/38 MP: 1/8
   313 | D        | Reached * piety under Qazlal
   318 | D        | Noticed a floating eye
   318 | D        | Noticed a bullfrog
   320 | D        | Killed a floating eye
   320 | D        | Reached ** piety under Qazlal
   321 | D        | Reached skill level 5 in Fighting
   321 | D        | Reached skill level 5 in Armour
   321 | D        | Reached skill level 5 in Shields
   321 | D        | Reached XP level 5. HP: 44/44 MP: 8/11
   325 | D        | Reached skill level 5 in Axes
   325 | D        | Gained mutation: You are mostly covered in razor-sharp
                  | scales. (AC +2, Slay +2) [demonic ancestry]
   325 | D        | Reached XP level 6. HP: 46/52 MP: 8/12
   329 | D        | Noticed a floating eye
   334 | D        | Paralysed by a floating eye for 3 turns
   337 | D        | Killed a floating eye
   337 | D        | Reached *** piety under Qazlal
   338 | D        | Reached skill level 10 in Invocations
   433 | D        | Noticed Blork the orc
   442 | D        | Killed Blork the orc
   447 | D        | Noticed a warg
   452 | D        | Killed a warg
   453 | D        | Reached XP level 7. HP: 50/59 MP: 15/15
   454 | D        | Reached **** piety under Qazlal
   617 | D        | Reached ***** piety under Qazlal
   686 | D        | Noticed a phantasmal warrior
   686 | D        | Noticed a yak
   686 | D        | Noticed a yak
   686 | D        | Noticed a yak
   687 | D        | Killed a yak
   687 | D        | Killed a yak
   687 | D        | Killed a phantasmal warrior
   687 | D        | Reached ****** piety under Qazlal
   687 | D        | Killed a yak
   688 | D        | Gained mutation: You regenerate magic rapidly. [demonic
                  | ancestry]
   688 | D        | Reached XP level 8. HP: 70/70 MP: 8/19
   927 | D        | Noticed a manticore
   934 | D        | Killed a manticore
   935 | D        | Reached skill level 15 in Invocations
   935 | D        | Gained mutation: When hurt, damage is shared between your
                  | health and your magic reserves. [demonic ancestry]
   935 | D        | Reached XP level 9. HP: 51/76 MP: 20/20
   949 | D        | Noticed Erolcha
   951 | D        | Noticed an efreet
   952 | D        | Killed an efreet
   952 | D        | Killed Erolcha
   970 | D        | Reached skill level 10 in Fighting
  1242 | D        | Noticed a rime drake
  1243 | D        | Noticed a troll
  1244 | D        | Killed a troll
  1246 | D        | Killed a rime drake
  1247 | D        | Gained mutation: You have a pair of horns on your head.
                  | [demonic ancestry]
  1247 | D        | Reached XP level 10. HP: 85/85 MP: 14/22
  1314 | D        | Noticed a deep elf pyromancer
  1317 | D        | Noticed Joseph
  1319 | D        | Killed a deep elf pyromancer
  1326 | D        | Noticed a sun demon
  1329 | D        | Killed a sun demon
  1330 | D        | Reached skill level 10 in Armour
  1330 | D        | Reached skill level 10 in Shields
  1335 | D        | Killed Joseph
  1337 | D        | Reached skill level 10 in Axes
  1385 | D        | Noticed an orc high priest
  1385 | D        | Noticed an orc sorcerer
  1386 | D        | Killed an orc high priest
  1386 | D        | Killed an orc sorcerer
  1582 | D        | Gained mutation: Your demonic aura often causes spilled
                  | blood to erupt in flames. [demonic ancestry]
  1582 | D        | Reached XP level 11. HP: 94/94 MP: 15/24
  1695 | D        | Noticed a sixfirhy
  1701 | D        | Killed a sixfirhy
  1903 | D        | Noticed a lindwurm
  1910 | D        | Killed a lindwurm
  1951 | D        | Noticed a deep elf zephyrmancer
  1954 | D        | Killed a deep elf zephyrmancer
  2092 | D        | Noticed a sun demon
  2093 | D        | Noticed a sea snake
  2100 | D        | Killed a sun demon
  2104 | D        | Killed a sea snake
  2105 | D        | Reached XP level 12. HP: 47/105 MP: 20/27
  2584 | D        | Noticed a yellow draconian
  2584 | D        | Noticed a stone giant
  2585 | D        | Killed a stone giant
  2590 | D        | Killed a yellow draconian
  2724 | D        | Noticed an alligator snapping turtle
  2724 | D        | Noticed a rakshasa
  2725 | D        | Noticed an orc warlord
  2725 | D        | Noticed an orc warlord
  2729 | D        | Killed an orc warlord
  2729 | D        | Killed a rakshasa
  2729 | D        | Killed an orc warlord
  2735 | D        | Killed an alligator snapping turtle
  2736 | D        | Reached XP level 13. HP: 64/114 MP: 9/29
  2738 | D        | Noticed a deep elf annihilator
  2740 | D        | Killed a deep elf annihilator
  2741 | D        | Reached skill level 15 in Fighting
  3103 | D        | Got the +1 plate armour "Zoxuumn" {Harm Will+ SInv}
  3281 | D        | Found the +8 orange crystal plate armour {Archmagi, Int+3
                  | Clar}
  3281 | D        | Noticed an eidolon
  3282 | D        | Killed an eidolon
  3282 | D        | Noticed a dire elephant
  3292 | D        | Reached skill level 27 in Invocations
  3293 | D        | Noticed a deep elf blademaster
  3293 | D        | Killed a dire elephant
  3295 | D        | Killed a deep elf blademaster
  3296 | D        | Reached skill level 15 in Axes
  3296 | D        | Reached skill level 15 in Armour
  3296 | D        | Reached skill level 15 in Shields
  3305 | D        | Noticed a minotaur
  3323 | D        | Killed a minotaur
  3455 | D        | Noticed a deep elf annihilator
  3457 | D        | Noticed a sphinx
  3459 | D        | Noticed a deep elf annihilator
  3459 | D        | Noticed a sphinx
  3459 | D        | Noticed a deep elf death mage
  3459 | D        | Noticed a lich
  3459 | D        | Noticed a red draconian scorcher
  3459 | D        | Noticed a yellow draconian annihilator
  3460 | D        | Noticed a deep elf sorcerer
  3461 | D        | Killed a deep elf death mage
  3461 | D        | Killed a deep elf annihilator
  3461 | D        | Killed a sphinx
  3461 | D        | Killed a deep elf sorcerer
  3461 | D        | Killed a red draconian scorcher
  3461 | D        | Killed a sphinx
  3462 | D        | Gained mutation: When low on magic, you restore magic in
                  | place of health. [demonic ancestry]
  3462 | D        | Reached XP level 14. HP: 99/128 MP: 16/31
  3463 | D        | Noticed a nagaraja
  3464 | D        | Killed a sphinx
  3464 | D        | Killed a lich
  3464 | D        | Noticed a titan
  3465 | D        | Reached skill level 5 in Maces & Flails
  3465 | D        | Killed a yellow draconian annihilator
  3465 | D        | Killed a nagaraja
  3465 | D        | Killed a titan
  3529 | D        | Noticed an orc warlord
  3531 | D        | Killed an orc warlord
  3683 | D        | Noticed a deep elf sorcerer
  3684 | D        | Killed a deep elf sorcerer
  3685 | D        | Noticed a red draconian scorcher
  3688 | D        | Noticed a stone giant
  3689 | D        | Noticed a nagaraja
  3691 | D        | Killed a nagaraja
  3691 | D        | Killed a stone giant
  3692 | D        | Noticed Margery
  3694 | D        | Killed a red draconian scorcher
  3695 | D        | Killed Margery
  3977 | D        | Got the Collected Works on Breezy Assembling
  3989 | D        | Got Theurgy, Part Three
  4001 | D        | Got the Directory of Transforming Forces
  4062 | D        | Got the amulet of Qarulu {Faith rPois rC+ Dex+3}
  4065 | D        | Got the ring of Xom's Fair Game {rF+ rCorr}
  4067 | D        | Got the amulet "Ekiempy" {Reflect rF- Will+ Int+5 SH+5}
  4084 | D        | Got the ring of the Turtle {+Blink rElec rPois rF+ Str-5}
  4086 | D        | Got the ring "Quycsis" {AC+6 Dex+5 Slay+5 SInv}
  4090 | D        | Got the ring of Vafeec {Ice rN+ Will+ Str+3 Int-4}
  4092 | D        | Got the ring of the Bequeathed Mango {rPois AC+6 SInv}
  4175 | D        | Noticed an ophan
  4178 | D        | Reached skill level 10 in Maces & Flails
  4178 | D        | Killed an ophan
  4179 | D        | Reached XP level 15. HP: 130/141 MP: 23/32
  4179 | D        | Noticed Azrael
  4186 | D        | Noticed a death cob
  4189 | D        | Killed Azrael
  4189 | D        | Killed a death cob
  4198 | D        | Noticed Xtahua
  4199 | D        | Noticed a fire giant
  4200 | D        | Noticed a death cob
  4203 | D        | Killed a fire giant
  4203 | D        | Killed a death cob
  4203 | D        | Killed Xtahua
  4367 | D        | Found the -2 hat of the Alchemist {rElec rPois rF+ rC+ rN+
                  | Will+ rMut rCorr}
  4368 | D        | Noticed a hellephant
  4369 | D        | Noticed a bone dragon
  4374 | D        | Killed a hellephant
  4375 | D        | Killed a bone dragon
  4656 | D        | Identified the +2 scimitar of Winter {vamp, rN+++ Int-3
                  | Dex+3 Stlth+}
  4667 | D        | Noticed a frost giant
  4673 | D        | Killed a frost giant
  4677 | D        | Noticed a black draconian knight
  4684 | D        | Killed a black draconian knight
  4687 | D        | Reached skill level 15 in Maces & Flails
  4695 | D        | Got the +3 pair of gloves of Tentacled Leaves {rN+}
  4830 | D        | Noticed a golden dragon
  4832 | D        | Killed a golden dragon
  4833 | D        | Gained mutation: You are completely covered in razor-sharp
                  | scales. (AC +3, Slay +3) [demonic ancestry]
  4833 | D        | Reached XP level 16. HP: 159/159 MP: 24/33
  5092 | D        | Got a silver rune of Zot
  5222 | D        | Noticed a lich
  5222 | D        | Noticed a storm dragon
  5222 | D        | Noticed a storm dragon
  5224 | D        | Killed a storm dragon
  5224 | D        | Killed a storm dragon
  5225 | D        | Killed a lich
  5227 | D        | Noticed a bone dragon
  5247 | D        | Killed a bone dragon
  5258 | D        | Noticed Jory
  5260 | D        | Reached skill level 5 in Dodging
  5264 | D        | Killed Jory
  5490 | D        | Noticed a deep elf blademaster
  5491 | D        | Killed a deep elf blademaster
  5615 | D        | Noticed a curse toe
  5618 | D        | Paralysed by a floating eye for 2 turns
  5620 | D        | Killed a curse toe
  5621 | D        | Reached XP level 17. HP: 105/169 MP: 24/34
  6188 | D        | Noticed a golden dragon
  6198 | D        | Killed a golden dragon
  6627 | D        | Noticed an Ice Fiend
  6629 | D        | Killed an Ice Fiend
  6630 | D        | Reached skill level 10 in Dodging
  6805 | D        | Noticed an Orb Guardian
  6805 | D        | Noticed an Orb Guardian
  6805 | D        | Noticed an Orb Guardian
  6805 | D        | Noticed an Orb Guardian
  6807 | D        | Noticed a deep elf master archer
  6807 | D        | Noticed an Orb Guardian
  6809 | D        | Killed a deep elf master archer
  6809 | D        | Killed an Orb Guardian
  6809 | D        | Noticed Soinuowu the pandemonium lord
  6810 | D        | Noticed a Brimstone Fiend
  6810 | D        | Noticed the 27-headed Lernaean hydra
  6810 | D        | Noticed an Orb Guardian
  6810 | D        | Killed an Orb Guardian
  6811 | D        | Killed an Orb Guardian
  6812 | D        | Noticed an Ice Fiend
  6812 | D        | Killed an Orb Guardian
  6812 | D        | Killed an Orb Guardian
  6812 | D        | Killed the 27-headed Lernaean hydra
  6812 | D        | Killed Soinuowu the pandemonium lord
  6813 | D        | Noticed Boris
  6814 | D        | Killed an Orb Guardian
  6818 | D        | Noticed Louise
  6822 | D        | Killed Boris
  6823 | D        | Reached skill level 27 in Fighting
  6824 | D        | Noticed an Orb Guardian
  6825 | D        | Killed Louise
  6831 | D        | Killed an Orb Guardian
  7065 | D        | Noticed an Orb Guardian
  7069 | D        | Killed an Orb Guardian
  7075 | D        | Noticed an Orb Guardian
  7076 | D        | Noticed a hellephant
  7078 | D        | Noticed a royal mummy
  7079 | D        | Noticed an Orb Guardian
  7080 | D        | Killed an Orb Guardian
  7080 | D        | Noticed a titan
  7083 | D        | Killed a royal mummy
  7083 | D        | Noticed a royal mummy
  7083 | D        | Noticed an electric golem
  7084 | D        | Noticed an electric golem
  7085 | D        | Killed an Orb Guardian
  7085 | D        | Noticed Osubo the pandemonium lord
  7085 | D        | Noticed a pearl dragon
  7086 | D        | Noticed an Orb Guardian
  7087 | D        | Killed a pearl dragon
  7087 | D        | Killed an acid blob
  7087 | D        | Killed an Orb Guardian
  7091 | D        | Killed a titan
  7091 | D        | Killed an electric golem
  7091 | D        | Killed a royal mummy
  7092 | D        | Reached skill level 15 in Dodging
  7092 | D        | Reached XP level 18. HP: 50/182 MP: 2/35
  7100 | D        | Killed Osubo the pandemonium lord
  7270 | D        | Found the +4 staff of Dispater
  7270 | D        | Noticed Dispater
  7277 | D        | Noticed a Hell Sentinel
  7277 | D        | Killed Dispater
  7652 | D        | Killed an electric golem
  7669 | D        | Noticed an Orb Guardian
  7672 | D        | Noticed the Royal Jelly
  7673 | D        | Noticed an Orb Guardian
  7674 | D        | Killed an Orb Guardian
  7677 | D        | Killed an Orb Guardian
  7681 | D        | Noticed a Brimstone Fiend
  7684 | D        | Killed a Brimstone Fiend
  7686 | D        | Killed the Royal Jelly
  7687 | D        | Reached skill level 27 in Armour
  7687 | D        | Reached skill level 27 in Shields
  7778 | D        | Noticed a Brimstone Fiend
  7788 | D        | Noticed Dissolution
  7792 | D        | Killed Dissolution
  7792 | D        | Killed a Brimstone Fiend
  7796 | D        | Killed a hellephant
  8045 | D        | Noticed an Orb Guardian
  8045 | D        | Noticed an Orb Guardian
  8058 | D        | Killed an Orb Guardian
  8081 | D        | Noticed a pearl dragon
  8089 | D        | Killed a pearl dragon
  8091 | D        | Noticed Lom Lobon
  8100 | D        | Killed Lom Lobon
  8101 | D        | Noticed a Hell Sentinel
  8113 | D        | Killed a Hell Sentinel
  8149 | D        | Noticed an Orb Guardian
  8151 | D        | Noticed an Orb Guardian
  8151 | D        | Noticed an Orb Guardian
  8151 | D        | Noticed an Orb Guardian
  8152 | D        | Noticed an Orb Guardian
  8153 | D        | Killed an Orb Guardian
  8154 | D        | Noticed an Orb Guardian
  8155 | D        | Noticed an Orb Guardian
  8156 | D        | Killed an Orb Guardian
  8157 | D        | Killed an Orb Guardian
  8157 | D        | Noticed an Orb Guardian
  8157 | D        | Noticed an Orb Guardian
  8159 | D        | Killed an Orb Guardian
  8159 | D        | Killed an Orb Guardian
  8159 | D        | Killed an Orb Guardian
  8159 | D        | Noticed an Orb Guardian
  8161 | D        | Killed an Orb Guardian
  8162 | D        | Killed an Orb Guardian
  8164 | D        | Killed an Orb Guardian
  8167 | D        | Killed an Orb Guardian
  8168 | D        | Reached skill level 27 in Maces & Flails
  8172 | D        | Noticed an Orb Guardian
  8173 | D        | Killed an Orb Guardian
  8180 | D        | Killed an Orb Guardian
  8221 | D        | Noticed an Ice Fiend
  8227 | D        | Killed an Ice Fiend
  8504 | D        | Noticed an electric golem
  8504 | D        | Noticed Elisoih the pandemonium lord
  8510 | D        | Killed Elisoih the pandemonium lord
  8511 | D        | Gained mutation: You have a pair of large horns on your
                  | head. [demonic ancestry]
  8511 | D        | Reached XP level 19. HP: 159/189 MP: 31/36
  8515 | D        | Killed an electric golem
  9438 | D        | Noticed an ancient lich
  9441 | D        | Killed an ancient lich
  9447 | D        | Reached skill level 27 in Dodging
  9447 | D        | Reached skill level 1 in Evocations
  9449 | D        | Noticed a hellephant
  9449 | D        | Noticed a hellephant
  9449 | D        | Noticed a Brimstone Fiend
  9450 | D        | Killed a Brimstone Fiend
  9450 | D        | Killed a hellephant
  9450 | D        | Killed a hellephant
  9694 | D        | Noticed a pearl dragon
  9697 | D        | Killed a pearl dragon
 10172 | D        | Noticed a golden dragon
 10172 | D        | Noticed a golden dragon
 10173 | D        | Killed a golden dragon
 10173 | D        | Noticed a golden dragon
 10175 | D        | Noticed a golden dragon
 10176 | D        | Noticed a golden dragon
 10176 | D        | Found the +3 greatsling "Punk" {acid, rCorr}
 10176 | D        | Found the +8 Vampire's Tooth {megavamp}
 10177 | D        | Killed a golden dragon
 10177 | D        | Killed a golden dragon
 10177 | D        | Killed a golden dragon
 10178 | D        | Reached skill level 27 in Evocations
 10178 | D        | Reached XP level 20. HP: 184/197 MP: 22/37
 10180 | D        | Killed a golden dragon
 10181 | D        | Reached skill level 15 in Stealth
 10497 | D        | Got a golden rune of Zot
 10521 | D        | Got the +2 pair of gloves "Yhecurerie" {rF++ Regen+ Int-2
                  | Dex+3}
 10825 | D        | Noticed a pearl dragon
 10826 | D        | Killed a pearl dragon
 10941 | D        | Noticed Mara
 10948 | D        | Killed Mara
 11170 | D        | Noticed a royal mummy
 11173 | D        | Killed a royal mummy
 11340 | D        | Noticed a pearl dragon
 11343 | D        | Killed a pearl dragon
 11349 | D        | Noticed Frederick
 11351 | D        | Noticed an ancient lich
 11351 | D        | Killed Frederick
 11353 | D        | Noticed Axarhip the pandemonium lord
 11355 | D        | Killed an ancient lich
 11363 | D        | Killed Axarhip the pandemonium lord
 11557 | D        | Noticed Taviwnac the pandemonium lord
 11559 | D        | Killed Taviwnac the pandemonium lord
 11563 | D        | Reached skill level 27 in Stealth
 11565 | D        | Noticed Mennas
 11569 | D        | Killed Mennas
 11575 | D        | Noticed a golden dragon
 11578 | D        | Killed a golden dragon
 11787 | D        | Reached skill level 10 in Ranged Weapons
 11795 | D        | Noticed an ancient lich
 11796 | D        | Killed an ancient lich
 11815 | D        | Found the +7 sceptre of Asmodeus
 11815 | D        | Noticed Asmodeus
 11819 | D        | Killed Asmodeus
 11820 | D        | Reached skill level 15 in Ranged Weapons
 11848 | D        | Found the +4 dragonskin cloak
 11848 | D        | Noticed Tiamat
 11854 | D        | Killed Tiamat
 12065 | D        | Noticed Saosuihi the pandemonium lord
 12069 | D        | Killed Saosuihi the pandemonium lord
 12100 | D        | Reached XP level 21. HP: 153/204 MP: 28/38
 12105 | D        | Noticed an orb of fire
 12106 | D        | Killed an orb of fire
 12113 | D        | Noticed the Serpent of Hell
 12114 | D        | Noticed a golden dragon
 12115 | D        | Noticed a golden dragon
 12120 | D        | Killed the Serpent of Hell
 12357 | D        | Got the ring of the Castellan {+Blink rF+ rN+}
 12359 | D        | Got the amulet "Igurch" {Regen+ Dex+3}
 12367 | D        | Got an iron rune of Zot
 12371 | D        | Got the ring of the Ban {Will++ Slay+4}
 12373 | D        | Got the ring "Saemaot" {rN++ SInv}
 12379 | D        | Got the ring of Codiezow {Fire Str+8 Int-4}
 12381 | D        | Got the ring "Wideqi" {Int+3 Slay+4}
 12387 | D        | Got the ring "Vekidwyasu" {rC+ rCorr Int-3 SInv Stlth+}
 12579 | D        | Got the Incunabulum of the Tincture
 12622 | D        | Got the Guide on Unstable Combustion
 13503 | D        | Got the Orb of Zot
 13782 | D        | Noticed Gotte the pandemonium lord
 13788 | D        | Killed Gotte the pandemonium lord
 14201 | D        | Noticed Jyxaubo the pandemonium lord
 14211 | D        | Killed Jyxaubo the pandemonium lord
 14212 | D        | Reached skill level 27 in Ranged Weapons
 14233 | D        | Reached skill level 10 in Spellcasting
 14387 | D        | Noticed Boris
 14391 | D        | Killed Boris
 14432 | D        | Reached skill level 1 in Conjurations
 14432 | D        | Reached skill level 1 in Fire Magic
 14472 | D        | Reached skill level 5 in Conjurations
 14474 | D        | Noticed a golden dragon
 14474 | D        | Noticed a golden dragon
 14483 | D        | Reached skill level 15 in Spellcasting
 14487 | D        | Reached skill level 5 in Fire Magic
 14620 | D        | Reached skill level 10 in Conjurations
 14950 | D        | Reached skill level 10 in Fire Magic
 15084 | D        | Noticed Cydd the pandemonium lord
 15085 | D        | Noticed a profane servitor
 15091 | D        | Killed Cydd the pandemonium lord
 15092 | D        | Reached skill level 15 in Conjurations
 15108 | D        | Killed a profane servitor
 15180 | D        | Gained mutation: Your magical and physical power is
                  | slightly enhanced at high health. [demonic ancestry]
 15180 | D        | Reached XP level 22. HP: 159/212 MP: 45/45
 15197 | D        | Noticed Palloi the pandemonium lord
 15200 | D        | Killed Palloi the pandemonium lord
 15233 | D        | Noticed Xewker the pandemonium lord
 15243 | D        | Killed Xewker the pandemonium lord
 15244 | D        | Reached skill level 15 in Fire Magic
 15576 | D        | Learned a level 8 spell: Ignition
 15643 | D        | Gained mutation: You possess an exceptional clarity of
                  | mind. [mutagenic glow]
 15684 | D        | Gained mutation: You are dopey. (Int -2) [mutagenic glow]
 15697 | D        | Gained mutation: You occasionally lose the ability to drink
                  | potions when taking damage. [mutagenic glow]
 15711 | D        | Gained mutation: You occasionally lose the ability to read
                  | scrolls when taking damage. [mutagenic glow]
 15769 | D        | Gained mutation: You occasionally shout uncontrollably at
                  | your foes. [mutagenic glow]
 15803 | D        | Learned a level 5 spell: Fireball
 16088 | D        | Noticed Oshret the pandemonium lord
 16090 | D        | Killed Oshret the pandemonium lord
 16249 | D        | Gained mutation: You sometimes lose the ability to read
                  | scrolls when taking damage. [a neqoxec]
 16250 | D        | Noticed Waties the pandemonium lord
 16253 | D        | Noticed a seraph
 16254 | D        | Killed Waties the pandemonium lord
 16261 | D        | Killed a seraph
 16320 | D        | Noticed Azxazae the pandemonium lord
 16333 | D        | Killed Azxazae the pandemonium lord
 16353 | D        | Noticed Meng the pandemonium lord
 16359 | D        | Gained mutation: Your spells are a little easier to cast,
                  | but a little less powerful. [a cacodemon]
 16360 | D        | Killed Meng the pandemonium lord
 16364 | D        | Gained mutation: Your magical capacity is low. (-10% MP) [a
                  | cacodemon]
 16525 | D        | Noticed Fyxuef the pandemonium lord
 16532 | D        | Killed Fyxuef the pandemonium lord
 16565 | D        | Noticed Raerph the pandemonium lord
 16570 | D        | Killed Raerph the pandemonium lord
 16571 | D        | Reached skill level 27 in Spellcasting
 16571 | D        | Reached XP level 23. HP: 152/219 MP: 48/48
 16587 | D        | Reached skill level 27 in Conjurations
 16757 | D        | Noticed a seraph
 16767 | D        | Killed a seraph
 16932 | D        | Gained mutation: You are very dopey. (Int -4) [a neqoxec]
 17050 | D        | Reached skill level 27 in Fire Magic
 17050 | D        | Reached skill level 1 in Hexes
 17153 | D        | Reached skill level 5 in Hexes
 17257 | D        | Noticed Wim Uretyg the pandemonium lord
 17260 | D        | Killed Wim Uretyg the pandemonium lord
 17278 | D        | Noticed Nimuveow the pandemonium lord
 17282 | D        | Reached skill level 10 in Hexes
 17283 | D        | Killed Nimuveow the pandemonium lord
 17294 | D        | Reached skill level 15 in Hexes
 17566 | D        | Noticed Icwojoc the pandemonium lord
 17569 | D        | Noticed Qenylu the pandemonium lord
 17570 | D        | Killed Qenylu the pandemonium lord
 17576 | D        | Killed Icwojoc the pandemonium lord
 17624 | D        | Noticed Seiw the pandemonium lord
 17639 | D        | Killed Seiw the pandemonium lord
 17686 | D        | Learned a level 7 spell: Orb of Destruction
 17865 | D        | Learned a level 6 spell: Conjure Ball Lightning
 18065 | D        | Reached skill level 5 in Air Magic
 18076 | D        | Reached skill level 27 in Hexes
 18270 | D        | Reached skill level 10 in Air Magic
 18316 | D        | Noticed Egodd the pandemonium lord
 18322 | D        | Killed Egodd the pandemonium lord
 18372 | D        | Reached skill level 15 in Air Magic
 18397 | D        | Noticed Leovvo the pandemonium lord
 18446 | D        | Noticed Boris
 18451 | D        | Killed Leovvo the pandemonium lord
 18452 | D        | Killed Boris
 18574 | D        | Reached skill level 1 in Necromancy
 18664 | D        | Noticed Pamo the pandemonium lord
 18669 | D        | Killed Pamo the pandemonium lord
 18670 | D        | Reached XP level 24. HP: 224/227 MP: 46/48
 18721 | D        | Reached skill level 10 in Necromancy
 19080 | D        | Noticed a seraph
 19086 | D        | Killed a seraph
 19087 | D        | Reached skill level 15 in Necromancy
 19092 | D        | Noticed a seraph
 19093 | D        | HP: 9/227 [??? (4)]
 19094 | D        | HP: 1/227 [daeva/divine providence[a seraph] (8)]
 19095 | D        | Killed from afar by a daeva

Illustrated notes

Levels and vault maps discovered:
D:        pitsprint [storerooms_1, entrance_room_1, metal_vault_5, armoury_1,
          mini_pit_1, grid_room_1, main_hall_1, silver_pit, the_coven_3,
          the_vestibule_1, steel_vault_4, golden_pit, hallway_of_sentries,
          crystal_vault_4, iron_vault_3, final_vault]

Skill      XL: |  1  2  3  4  5  6  7  8  9 10 11 12 13 14 15 16 17 18 19 20 21 22 23 24 |
---------------+-------------------------------------------------------------------------+-----
Axes           | 3 4 5 6 7 8 9 10 12 13 15 | 15.3
Armour         | 4 5 6 7 8 9 10 12 13 16 18 22 23 26 27 | 27.0
Shields        | 4 5 6 7 8 9 10 12 13 16 18 22 23 26 27 | 27.0
Fighting       | 4 5 6 8 9 10 11 13 14 17 19 24 25 27 | 27.0
Invocations    | 6 8 9 11 14 15 17 19 22 25 27 | 27.0
Maces & Flails | 4 10 17 18 22 27 | 27.0
Dodging        | 7 15 24 27 | 27.0
Evocations     | 27 | 27.0
Stealth        | 11 27 | 27.0
Ranged Weapons | 19 27 | 27.0
Spellcasting   | 19 27 | 27.0
Conjurations   | 17 26 27 | 27.0
Fire Magic     | 13 23 27 | 27.0
Hexes          | 27 | 27.0
Air Magic      | 21 23 | 23.0
Necromancy     | 9 17 | 17.0

Action                     |  1- 3 |  4- 6 |  7- 9 | 10-12 | 13-15 | 16-18 | 19-21 | 22-24 || total
---------------------------+-------+-------+-------+-------+-------+-------+-------+-------++-------
  Melee: War axe           |    14 |    19 |    49 |    92 |    13 |       |       |       ||   187
         Headbutt          |       |     6 |     7 |    22 |    18 |    32 |    60 |    88 ||   233
         Broad axe         |       |       |       |       |    28 |       |       |       ||    28
         Maul              |       |       |       |       |    32 |   158 |   295 |   452 ||   937
   Cast: Ignition          |       |       |       |       |       |       |       |     4 ||     4
         Fireball          |       |       |       |       |       |       |       |     1 ||     1
         Orb of Destructio |       |       |       |       |       |       |       |    11 ||    11
         Conjure Ball Ligh |       |       |       |       |       |       |       |     4 ||     4
 Invoke: Disaster Area     |       |       |     3 |     8 |    18 |    24 |     6 |     5 ||    64
         Upheaval          |       |       |       |     1 |       |     2 |       |       ||     3
  Evoke: Tin of tremorston |       |       |       |       |       |       |       |     1 ||     1
    Use: Potion            |       |       |     2 |       |     5 |     7 |     4 |     2 ||    20
         Scroll            |       |       |       |     3 |     1 |     2 |       |       ||     6
   Stab: Petrified         |       |       |       |       |       |     2 |       |       ||     2
         Distracted        |       |       |       |       |       |       |     1 |       ||     1
 Armour: Scale mail        |     4 |     1 |       |       |       |       |       |       ||     5
         Chain mail        |       |     7 |    18 |       |       |       |       |       ||    25
         Plate armour      |       |       |    12 |    32 |     5 |       |       |       ||    49
         Crystal plate arm |       |       |       |       |    94 |   286 |   419 |   401 ||  1200
         Gold dragon scale |       |       |       |       |     9 |       |       |       ||     9
  Dodge: Dodged            |     6 |     5 |    27 |    36 |    33 |   138 |   432 |   506 ||  1183
         Repelled          |       |       |       |       |     2 |     5 |    11 |    10 ||    28
  Block: Buckler           |     2 |     7 |    28 |    88 |    12 |       |       |       ||   137
         Tower shield      |       |       |       |       |    46 |       |       |       ||    46
         Other             |       |       |       |       |    38 |   191 |   318 |   431 ||   978
         Reflection        |       |       |       |       |     3 |     4 |     2 |     2 ||    11

Table legend: (Time is in decaauts) A = Elapsed time spent in this place. B = Non-inter-level travel time spent in this place. C = Inter-level travel time spent in this place. D = Time resting spent in this place. E = Time spent auto-exploring this place. F = Levels seen in this place. G = Mean time per level. A B C D E F G +--------+--------+--------+--------+--------+-----+--------+ Total | 19720 | 19441 | 279 | 12727 | 1002 | 1 | 19720.0 | Dungeon | 19720 | 19441 | 279 | 12727 | 1002 | 1 | 19720.0 | +--------+--------+--------+--------+--------+-----+--------+

Top non-repeatable levels by time:
       D: 19720 daAuts
